 Dungeon Crawl Stone Soup version 0.29.1-12-g30fa7ad0bf (webtiles) character file.

Game seed: 17809033609614653444

124 xzight the Grasshopper (level 5, 0/43 HPs)
             Began as a Gnoll Warper on Dec 30, 2022.
             Slain by an orc wizard
             ... wielding a +0 dagger
              (2 damage)
             ... on level 2 of the Dungeon.
             The game lasted 00:03:45 (2328 turns).

xzight the Grasshopper (Gnoll Warper)               Turns: 2328, Time: 00:03:46

Health: 0/43       AC:  3    Str: 11    XL:     5   Next: 8%
Magic:  12/12      EV: 12    Int: 14    God:
Gold:   76         SH:  0    Dex: 11    Spells: 14/14 levels left

rFire   . . .      SeeInvis .   a - +0 spear
rCold   . . .      Faith    .   (no shield)
rNeg    . . .      Spirit   .   b - +0 leather armour
rPois   .          Reflect  .   (no helmet)
rElec   .          Harm     .   (no cloak)
rCorr   .          Rampage  .   (no gloves)
Will    .....                   (no boots)
Stlth   +.........              (no amulet)
HPRegen 0.14/turn               (no ring)
MPRegen 0.13/turn               (no ring)

@: no status effects
A: fangs 1, strong nose, distributed training
a: no special abilities


You were on level 2 of the Dungeon.
You visited 1 branch of the dungeon, and saw 2 of its levels.

You collected 115 gold pieces.
You spent 39 gold pieces at shops.


Innate Abilities, Weirdness & Mutations

You have very sharp teeth.
Your uncanny sense of smell can sniff out nearby items.
Your experience applies equally to all skills.


   Skills:
 + Level 4.7 Fighting
 + Level 1.4 Short Blades
 + Level 1.4 Long Blades
 + Level 1.4 Axes
 + Level 1.4 Maces & Flails
 + Level 4.7 Polearms
 + Level 1.4 Staves
 + Level 1.4 Ranged Weapons
 + Level 2.9 Throwing
 + Level 2.9 Armour
 + Level 4.7 Dodging
 + Level 1.4 Stealth
 + Level 1.4 Shields
 + Level 1.4 Unarmed Combat
 + Level 5.1 Spellcasting
 + Level 1.1 Conjurations
 + Level 1.1 Hexes
 + Level 1.1 Summonings
 + Level 1.1 Necromancy
 + Level 5.5 Translocations
 + Level 1.1 Transmutations
 + Level 1.1 Fire Magic
 + Level 1.1 Ice Magic
 + Level 1.1 Air Magic
 + Level 1.1 Earth Magic
 + Level 1.1 Poison Magic
 + Level 1.5 Invocations
 + Level 1.4 Evocations


You had 14 spell levels left.
You didn't know any spells.
Your spell library contained the following spells:

 Spells                   Type           Power      Damage    Failure   Level
 Blink                    Tloc           38%        N/A       3%          2
 Gell's Gravitas          Tloc           19%        N/A       7%          3
 Lesser Beckoning         Tloc           19%        N/A       7%          3
 Teleport Other           Tloc           19%        N/A       7%          3
 Manifold Assault         Tloc           19%        N/A       52%         5

Inventory:

Hand Weapons
 a - a +0 spear (weapon)
Missiles
 d - 7 boomerangs of dispersal {=f}
 r - 3 javelins (quivered)
Armour
 b - a +0 leather armour (worn)
 l - a +0 helmet
Wands
 m - a wand of polymorph (8)
Scrolls
 c - a scroll of blinking
 g - 2 scrolls of noise {unknown}
 h - 4 scrolls of teleportation {@r2}
 j - a scroll of amnesia {unknown}
 n - a scroll of summoning {unknown}
 o - 2 scrolls of fog {unknown}
 p - a scroll of identify {unknown}
 q - a scroll of immolation {unknown}
Potions
 e - 3 potions of magic {unknown}
 f - 4 potions of heal wounds {unknown}
 i - 2 potions of curing {unknown}
 k - 2 potions of flight {unknown}

Dungeon Overview and Level Annotations

Branches:
Dungeon (2/15)

Altars:
Xom

Shops:
D:2 *

Annotations:
D:2 exclusion: ogre

#.........# ##.######
#.#...###.# #.# # #.#.#
#.# #.# #...# #.# ##'##
# ###.# #.###...##
#.###.###)##.....##### #
#.........#..........###
##...####.........#.##.
#....{@.'......⚑..'....
##...####.........####<
##. ##........# ## #
##.....### # ##...## #
##+## # # # #


There were no monsters in sight!


Message History

You hear some strange, mumbled words.
A magic dart appears from out of thin air!
The magic dart hits you.
* * * LOW HITPOINT WARNING * * *
You miss something. Something hits you.
* * * LOW HITPOINT WARNING * * *
Unknown command.
You miss something. Something hits you.
* * * LOW HITPOINT WARNING * * *
You closely miss something. Something hits you.
* * * LOW HITPOINT WARNING * * *
You hit something. Something barely misses you.
Unknown command.
You barely miss something. You miss something. Something hits you.
* * * LOW HITPOINT WARNING * * *
Unknown command.
You closely miss something.
You hear some strange, mumbled words.
A magic dart appears from out of thin air!
The magic dart hits you!
* * * LOW HITPOINT WARNING * * *
You miss something. Something hits you.
* * * LOW HITPOINT WARNING * * *
Unknown command.
You hit something but do no damage. You bite something.
Something hits you but does no damage.
Unknown command.
You hit something. Something hits you.
You die...

Skill      XL: |  1  2  3  4 |
---------------+-------------+-----
Spellcasting   | 5 |  5.1
Invocations    | 1 |  1.5
Short Blades   | 1 |  1.4
Long Blades    | 1 |  1.4
Axes           | 1 |  1.4
Maces & Flails | 1 |  1.4
Staves         | 1 |  1.4
Ranged Weapons | 1 |  1.4
Stealth        | 1 |  1.4
Shields        | 1 |  1.4
Unarmed Combat | 1 |  1.4
Evocations     | 1 |  1.4
Conjurations   | 1 |  1.1
Hexes          | 1 |  1.1
Summonings     | 1 |  1.1
Necromancy     | 1 |  1.1
Transmutations | 1 |  1.1
Fire Magic     | 1 |  1.1
Ice Magic      | 1 |  1.1
Air Magic      | 1 |  1.1
Earth Magic    | 1 |  1.1
Poison Magic   | 1 |  1.1
Fighting       | |  4.7
Polearms       | |  4.7
Throwing       | |  2.9
Armour         | |  2.9
Dodging        | |  4.7
Translocations | |  5.5

Action                   |  1- 3 |  4- 6 || total
-------------------------+-------+-------++-------
Melee: Spear             |   118 |   100 ||   218
       Bite              |     5 |     6 ||    11
       Unarmed           |    10 |       ||    10
       Punch             |     1 |     1 ||     2
 Stab: Sleeping          |     1 |     2 ||     3
Armor: Leather armour    |    12 |    17 ||    29
       Skin              |     1 |       ||     1
Dodge: Dodged            |    65 |    33 ||    98

Levels and vault maps discovered:
D:1:      minmay_arrival_checkered_box, layout_basic,
          shapermc_ecumenical_altar_ellora
D:2:      layout_loops_corners, basic_altar, serial_shops,
          nicolae_shop_competitors_out_of_business, guppyfry_early_orc_mine,
          uniq_robin

Notes
Turn   | Place    | Note
-------+----------+-------------------------------------------
     0 | D:1      | xzight the Gnoll Warper began the quest for the Orb.
     0 | D:1      | Reached XP level 1. HP: 20/20 MP: 6/6
   423 | D:1      | Found a faded altar of an unknown god.
   425 | D:1      | Reached XP level 2. HP: 26/26 MP: 7/7
   644 | D:2      | Noticed Robin
   759 | D:2      | Killed Robin
   760 | D:2      | Reached skill level 5 in Spellcasting
   760 | D:2      | Reached XP level 3. HP: 11/31 MP: 7/9
   780 | D:2      | Reached skill level 1 in Invocations
  1056 | D:2      | Found Zegih's General Store.
  1061 | D:2      | Bought a scroll of teleportation for 39 gold pieces
  1133 | D:2      | Reached skill level 1 in Short Blades
  1133 | D:2      | Reached skill level 1 in Long Blades
  1133 | D:2      | Reached skill level 1 in Axes
  1133 | D:2      | Reached skill level 1 in Maces & Flails
  1133 | D:2      | Reached skill level 1 in Staves
  1133 | D:2      | Reached skill level 1 in Ranged Weapons
  1133 | D:2      | Reached skill level 1 in Stealth
  1133 | D:2      | Reached skill level 1 in Shields
  1133 | D:2      | Reached skill level 1 in Unarmed Combat
  1133 | D:2      | Reached skill level 1 in Evocations
  1358 | D:2      | Reached XP level 4. HP: 25/38 MP: 11/11
  1605 | D:2      | Found a shimmering altar of Xom.
  1727 | D:2      | Reached skill level 1 in Conjurations
  1727 | D:2      | Reached skill level 1 in Hexes
  1727 | D:2      | Reached skill level 1 in Summonings
  1727 | D:2      | Reached skill level 1 in Necromancy
  1727 | D:2      | Reached skill level 1 in Transmutations
  1727 | D:2      | Reached skill level 1 in Fire Magic
  1727 | D:2      | Reached skill level 1 in Ice Magic
  1727 | D:2      | Reached skill level 1 in Air Magic
  1727 | D:2      | Reached skill level 1 in Earth Magic
  1727 | D:2      | Reached skill level 1 in Poison Magic
  2031 | D:2      | Reached XP level 5. HP: 23/43 MP: 12/12
  2237 | D:2      | Noticed an ogre
  2325 | D:2      | HP: 4/43 [something/magic dart (7)]
  2326 | D:2      | HP: 1/43 [something (3)]
  2328 | D:2      | Slain by an orc wizard

Vanquished Creatures
  Robin (D:2)
  4 gnolls (D:2)
  2 adders (D:2)
  5 orcs (D:2)
  3 ball pythons
  A giant cockroach (D:1)
  9 goblins
  11 hobgoblins
  3 quokkas (D:2)
  2 bats (D:2)
  A frilled lizard (D:1)
  3 kobolds
  3 rats
48 creatures vanquished.

Table legend: (Time is in decaauts)
 A = Elapsed time spent in this place.
 B = Non-inter-level travel time spent in this place.
 C = Inter-level travel time spent in this place.
 D = Time resting spent in this place.
 E = Time spent auto-exploring this place.
 F = Levels seen in this place.
 G = Mean time per level.
                   A        B        C        D        E       F      G
               +--------+--------+--------+--------+--------+-----+--------+
         Total |   2299 |   2252 |     47 |    644 |   1231 |   2 | 1149.5 |
       Dungeon |   2299 |   2252 |     47 |    644 |   1231 |   2 | 1149.5 |
               +--------+--------+--------+--------+--------+-----+--------+

Top non-repeatable levels by time:
     D:2: 1619 daAuts
     D:1: 680 daAuts

Table legend:
 A = Non-vault XP
 B = Vault XP
 C = Vault XP percentage of total XP
 D = Non-vault monster count
 E = Vault monster count
 F = Vault count percentage of total count
                 A         B        C        D         E       F
            +---------+---------+-------+---------+---------+-------
      Total |     126 |      52 |  29.2 |      30 |      18 |  37.5
            +---------+---------+-------+---------+---------+-------
        D:1 |      11 |       0 |   0.0 |       7 |       0 |   0.0
        D:2 |     115 |      52 |  31.1 |      23 |      18 |  43.9
            +---------+---------+-------+---------+---------+-------
